 Dungeon Crawl Stone Soup version 0.29-a0-356-g7bc237e783 (webtiles) character file.

Game seed: 6970788097216446477

1406 spaghetti the Sneak (level 8, 0/41 HPs)
             Began as a Vine Stalker Delver on Apr 26, 2022.
             Succumbed to a gnoll sergeant's poison
             ... on level 6 of the Dungeon.
             The game lasted 00:05:48 (4088 turns).

spaghetti the Sneak (Vine Stalker Delver)           Turns: 4088, Time: 00:05:48

Health: 0/41       AC:  7    Str: 15    XL:     8   Next: 70%
Magic:  4/18       EV: 15    Int: 16    God:
Gold:   265        SH:  0    Dex: 25    Spells: 7/7 levels left

rFire   + . .      SeeInvis .   e - +11 hand axe of the Battered Mystics {vorpal, rElec rPois Int+4, axe}
rCold   . . .      Faith    .   (no shield)
rNeg    . . .      Spirit   +   y - +1 ring mail of Privacy {rF+}
rPois   +          Reflect  .   (no helmet)
rElec   +          Harm     .   (no cloak)
rCorr   .          Rampage  .   t - +0 pair of gloves of the Stallion {*Corrode Int+2 Dex+7 Slay+2}
Will    +....                   (no boots)
Stlth   +++.......              (no amulet)
HPRegen 0.93/turn               A - ring of magical power
MPRegen 0.16/turn               (no ring)

@: lethally poisoned (0 -> -16), flying
A: fangs 3, regeneration 1, magic shield, antimagic bite, no potion heal 2
a: no special abilities


You were on level 6 of the Dungeon.
You visited 1 branch of the dungeon, and saw 7 of its levels.

You collected 265 gold pieces.


Innate Abilities, Weirdness & Mutations

You have razor-sharp teeth.
Your natural rate of healing is unusually fast.
When hurt, damage is shared between your health and your magic reserves.
Your bite disrupts and absorbs the magic of your enemies.
Potions cannot restore your health.


   Skills:
 + Level 3.6 Fighting
 - Level 1.7 Short Blades
 + Level 4.9 Axes
 * Level 4.4 Throwing
 * Level 5.7 Dodging
 - Level 6.0 Stealth


You had 7 spell levels left.
You didn't know any spells.
Your spell library contained the following spells:

 Spells                   Type           Power      Damage    Failure   Level
 Ensorcelled Hibernation  Hex/Ice        0%         N/A       58%         2
 Spider Form              Tmut/Pois      0%         N/A       83%         3
 Anguish                  Hex/Necr       0%         N/A       99%         4

Inventory:

Hand Weapons
 a - a +0 short sword {short}
 e - the +11 hand axe of the Battered Mystics (weapon) {vorpal, rElec rPois Int+4, axe}
   (You found it on level 6 of the Dungeon)

   It inflicts extra damage upon your enemies.
   Int:       It affects your intelligence (+4).
   rElec:     It insulates you from electricity.
   rPois:     It protects you from poison.
Missiles
 j - 138 stones {throwing}
 s - 5 boomerangs (quivered) {throwing}
 w - 6 atropa-tipped darts {throwing}
 H - 8 poisoned darts {throwing}
Armour
 b - a +0 leather armour
 n - a +0 pair of gloves
   (You found it on level 4 of the Dungeon)
 t - the +0 pair of gloves of the Stallion (worn) {*Corrode Int+2 Dex+7 Slay+2}
   (You found it on level 2 of the Dungeon)

   Int:       It affects your intelligence (+2).
   Dex:       It affects your dexterity (+7).
   Slay:      It affects your accuracy & damage with ranged weapons and melee
   (+2).
   *Corrode:  It may corrode you when you take damage.
 y - the +1 ring mail of Privacy (worn) {rF+}
   (You found it on level 2 of the Dungeon)

   rF:        It protects you from fire.
 G - a +0 plate armour
   (You found it on level 3 of the Dungeon)
Magical Staves
 m - a staff of cold {!astaff}
   (You found it on level 4 of the Dungeon)
 o - a staff of air {!astaff}
   (You found it on level 4 of the Dungeon)
 E - a staff of death {!astaff}
   (You found it on level 1 of the Dungeon)
Jewellery
 A - a ring of magical power (left hand)
   (You found it on level 1 of the Dungeon)
Wands
 g - a wand of digging (3)
 J - a wand of mindburst (9)
   (You found it on level 5 of the Dungeon)
Scrolls
 c - a scroll of fog
 d - 3 scrolls of magic mapping {!r}
 h - 3 scrolls of vulnerability {!r!r}
 i - 3 scrolls of teleportation {@r4}
 k - 2 scrolls of immolation {!r!r}
 l - a scroll of holy word {unknown}
 r - 2 scrolls of blinking {!r}
 x - 2 scrolls of enchant armour
 z - a scroll of amnesia
 I - a scroll of acquirement {unknown}
Potions
 f - a potion of haste {@q3}
 p - 2 potions of flight
 q - a potion of resistance {unknown}
 u - 2 potions of attraction {unknown}
 v - 2 potions of might {unknown}
 B - a potion of mutation {unknown}
 C - 2 potions of curing {unknown}
 D - 4 potions of heal wounds {unknown}
 F - 2 potions of brilliance {unknown}

Dungeon Overview and Level Annotations

Branches:
Dungeon (7/15)
 Temple: D:4-7

Altars:

Shops:
D:1 (   D:3 (

Annotations:
D:4 4 runed translucent doors, Crazy Yiuf; spaghetti's ghost, weakling DsDe

#.......##....######.##
#............##........
#####........##........
###......##........
##.......+........
#......###..?.....
#.................
#..........†......
#.........@.......
#.........g.....#.
#####.#...#...#...
#..###.....### ....#
.....# ##.. .....'# #.#
#####... .#.


You could see a gnoll sergeant.


Message History

You are too injured to fight recklessly!
You are too injured to fight recklessly!
You are too injured to fight recklessly!
Unknown command.
You hit the scorpion. You bite the scorpion. You drain its power.
You feel invigorated.
You slash the ice beast!
The iguana hisses angrily.
The ogre shouts!
The scorpion stings you. The ice beast completely misses you.
You hear a howl! 😕 MP[+1]
You slash the scorpion!
You kill the scorpion!
You hit the ice beast.
A howler monkey opens the door.
The ice beast closely misses you.
A howler monkey comes into view. 😕 HP[+1]
You hit the ice beast. You bite the ice beast.
You kill the ice beast!
A gnoll sergeant comes into view. It is wielding a +4 spear of venom.
Your Throwing skill increases to level 4! 😕 HP[+1]
The gnoll sergeant shouts!
You hit the iguana. Your bite misses the iguana.
The iguana bites you. 😕 HP[-1] MP[-2]
You take 1 damage, and now have 34/40 hp.
You lost 2 mp, and now have 15/18 mp.
You barely miss the iguana. You bite the iguana, but do no damage.
The howler monkey hoots and howls with incredible vigour!
The iguana closely misses you.
You hear a shout!
You hear an angry hiss. 😕 HP[+1]
You slash the ogre! You bite the ogre! You drain its power.
You feel invigorated.
You slash the iguana!
An iguana comes into view.
The iguana barely misses you.
The ogre hits you with a +0 giant club!!
* * * LOW HITPOINT WARNING * * *
😨 HP[-16] MP[-5]
You take 16 damage, and now have 19/40 hp.
MASSIVE DAMAGE!! (PAUSE)
You lost 5 mp, and now have 10/18 mp.
You slash the ogre!
You kill the ogre!
You hit the iguana. You closely miss the iguana. The iguana bites you.
* * * LOW HITPOINT WARNING * * *
The iguana completely misses you. 😨 HP[-1]
You take 1 damage, and now have 18/40 hp.
You hit the howler monkey. You bite the howler monkey. You drain its power.
You feel invigorated.
You barely miss the iguana. You hit the iguana.
The iguana bites you but does no damage.
The iguana bites you.
* * * LOW HITPOINT WARNING * * *
The gnoll sergeant closely misses you.
The howler monkey hoots and howls with incredible vigour! 😨 HP[-1] MP[+5]
You take 1 damage, and now have 17/40 hp.
You regained 5 mp, and now have 15/18 mp.
You hit the howler monkey.
You kill the howler monkey!
You hit the iguana.
You kill the iguana!
You hit the iguana. The iguana barely misses you.
The gnoll sergeant hits you from afar with a +4 spear of venom.
* * * LOW HITPOINT WARNING * * *
😨 MP[-1]
You lost 1 mp, and now have 14/18 mp.
You slash the iguana!
You kill the iguana!
The gnoll sergeant hits you from afar with a +4 spear of venom!
* * * LOW HITPOINT WARNING * * *
You are poisoned. 😨 HP[-4] MP[-3]
You take 4 damage, and now have 13/40 hp.
You lost 3 mp, and now have 11/18 mp.
You slash the iguana!
You kill the iguana!
You feel very sick.
The gnoll sergeant barely misses you. 😨 HP[-1]
You now have 41 max hp (+1).
You feel sick.
The gnoll sergeant hits you with a +4 spear of venom.
* * * LOW HITPOINT WARNING * * *
Items here: ) †††. 😱 HP[-3] MP[-2]
You take 3 damage, and now have 9/41 hp.
You lost 2 mp, and now have 9/18 mp.
You slash the gnoll sergeant! The gnoll sergeant blocks your attack.
You feel sick.
The gnoll sergeant hits you with a +4 spear of venom!
* * * LOW HITPOINT WARNING * * *
You are lethally poisoned! 😱 HP[-5] MP[-5]
You take 5 damage, and now have 4/41 hp.
You lost 5 mp, and now have 4/18 mp.
It was a potion of flight.
You feel very buoyant.
You fly up into the air.
You die...

Skill      XL: |  1  2  3  4  5  6  7  8 |
---------------+-------------------------+-----
Axes           | 2 3 4 |  4.9
Dodging        | 2 3 4 5 |  5.7
Throwing       | 2 3 4 |  4.4
Fighting       | 3 |  3.6
Short Blades   | |  1.7
Stealth        | |  6.0

Action                   |  1- 3 |  4- 6 |  7- 9 || total
-------------------------+-------+-------+-------++-------
Melee: Hand axe          |     6 |    81 |    47 ||   134
       Bite              |     2 |    10 |    14 ||    26
Throw: Stone             |       |     2 |       ||     2
       Boomerang         |       |    30 |    27 ||    57
  Use: Scroll            |     1 |       |     6 ||     7
       Potion            |       |       |     1 ||     1
 Stab: Sleeping          |     1 |    19 |     6 ||    26
       Distracted        |       |     1 |       ||     1
Armor: Leather armour    |     2 |     6 |       ||     8
       Ring mail         |       |     1 |    16 ||    17
Dodge: Dodged            |     5 |    28 |    37 ||    70

Levels and vault maps discovered:
D:1:      dpeg_arrival_windows_large_door, layout_basic, serial_shops,
          nicolae_shop_behind_doors
D:2:      kennysheep_six_static_rooms, layout_basic, grunt_decor_resistance
D:3:      layout_loops_ring, serial_shops, nicolae_shop_stone,
          nicolae_elevator_lobby_plus
D:4:      layout_loops_ring, gammafunk_ghost_split, uniq_crazy_yiuf_cottage
D:5:      layout_gridville, uniq_eustachio
D:6:      layout_basic, minmay_temple_entry_junction, serial_shops, shop,
          minmay_fractal_squares_diagonal_5, uniq_maggie
D:7:      layout_loops_ring

Notes
Turn   | Place    | Note
-------+----------+-------------------------------------------
     0 | D:5      | spaghetti the Vine Stalker Delver began the quest for the
                  | Orb.
     0 | D:5      | Reached XP level 1. HP: 11/11 MP: 2/2
     0 | D:5      | magus.rc [v1.9.6]
    41 | D:6      | Noticed an iguana
    51 | D:6      | Identified the +11 hand axe of the Battered Mystics
                  | {vorpal, rElec rPois Int+4}
    65 | D:7      | Noticed a kobold brigand
    68 | D:7      | HP: 2/11 [kobold/+0 short sword (2)]
    68 | D:7      | Noticed a black bear
    99 | D:6      | Noticed an iguana
   359 | D:5      | Noticed a hound
   363 | D:5      | Killed a hound
   364 | D:5      | Reached skill level 2 in Axes
   364 | D:5      | Reached XP level 2. HP: 14/16 MP: 1/3
   364 | D:5      | Reached XP level 3. HP: 17/19 MP: 1/4
   423 | D:5      | Reached skill level 2 in Dodging
   423 | D:5      | Gained mutation: Your natural rate of healing is unusually
                  | fast. [Vine Stalker growth]
   423 | D:5      | Reached XP level 4. HP: 23/23 MP: 5/5
   460 | D:5      | Noticed an ogre
   464 | D:5      | Noticed a scorpion
   465 | D:5      | HP: 3/23 [ogre/+0 giant club (20)]
   467 | D:5      | Killed an ogre
   468 | D:5      | Reached skill level 3 in Axes
   468 | D:5      | Reached skill level 3 in Dodging
   468 | D:5      | Reached XP level 5. HP: 6/27 MP: 2/6
   676 | D:4      | Noticed a water moccasin
   677 | D:4      | Found a runed translucent gate.
   681 | D:4      | Found a runed translucent gate.
   681 | D:4      | Found a runed translucent gate.
   681 | D:4      | Noticed spaghetti's ghost (weakling DsDe)
   873 | D:3      | Found Iwedwyos's Antique Weapon Boutique.
   892 | D:3      | Noticed an ogre
   961 | D:2      | Reached XP level 6. HP: 12/32 MP: 3/7
  1108 | D:2      | Identified the +0 pair of gloves of the Stallion {*Corrode
                  | Int+2 Dex+7 Slay+2}
  1546 | D:2      | Identified the +1 ring mail of Privacy {rF+}
  1794 | D:1      | You pick up a book of Dreams and begin reading...
  1794 | D:1      | You add the spells Ensorcelled Hibernation, Spider Form and
                  | Anguish to your library.
  2104 | D:1      | Found Negook's Weapon Shoppe.
  2682 | D:3      | Reached skill level 1 in Throwing
  2682 | D:3      | Reached skill level 4 in Dodging
  3171 | D:4      | Reached skill level 4 in Axes
  3171 | D:4      | Reached skill level 2 in Throwing
  3171 | D:4      | Reached XP level 7. HP: 23/35 MP: 8/8
  3315 | D:4      | Found a runed translucent door.
  3316 | D:4      | Noticed Crazy Yiuf
  3772 | D:5      | Noticed Eustachio
  3781 | D:5      | Killed Eustachio
  3782 | D:5      | Reached skill level 3 in Throwing
  3790 | D:5      | Gained mutation: You have razor-sharp teeth. [Vine Stalker
                  | growth]
  3790 | D:5      | Reached XP level 8. HP: 37/39 MP: 9/9
  3904 | D:5      | Reached skill level 3 in Fighting
  3904 | D:5      | Reached skill level 5 in Dodging
  4078 | D:6      | Reached skill level 4 in Throwing
  4086 | D:6      | HP: 9/41 [gnoll sergeant/+4 spear of venom (2)]
  4087 | D:6      | HP: 4/41 [gnoll sergeant/+4 spear of venom (4)]
  4088 | D:6      | Succumbed to a gnoll sergeant's poison

Vanquished Creatures
  Eustachio (D:5)
  An ice beast (D:6)
  4 ogres
  A black bear (D:5)
  2 scorpions
  3 killer bees (D:5)
  A howler monkey (D:6)
  3 hounds (D:5)
  A jelly (D:5)
  6 iguanas
  2 orc wizards (D:2)
  2 adders (D:5)
  3 gnolls (D:5)
  A shadow imp (D:5)
  3 worms
  A dart slug (D:1)
  9 orcs
  5 endoplasms
  4 giant cockroaches
  7 goblins
  6 hobgoblins
  4 quokkas
  5 ball pythons
  4 bats
  5 frilled lizards
  7 kobolds
  7 rats
98 creatures vanquished.

Table legend:
 A = Non-vault XP
 B = Vault XP
 C = Vault XP percentage of total XP
 D = Non-vault monster count
 E = Vault monster count
 F = Vault count percentage of total count
                 A         B        C        D         E       F
            +---------+---------+-------+---------+---------+-------
      Total |    1440 |     569 |  28.3 |      85 |      13 |  13.3
            +---------+---------+-------+---------+---------+-------
        D:1 |      30 |       0 |   0.0 |      17 |       0 |   0.0
        D:2 |     100 |      16 |  13.8 |      19 |       6 |  24.0
        D:3 |     136 |       0 |   0.0 |      10 |       0 |   0.0
        D:4 |     189 |       0 |   0.0 |      15 |       0 |   0.0
        D:5 |     852 |     185 |  17.8 |      20 |       1 |   4.8
        D:6 |     130 |     368 |  73.9 |       2 |       6 |  75.0
        D:7 |       3 |       0 |   0.0 |       2 |       0 |   0.0
            +---------+---------+-------+---------+---------+-------

Illustrated notes

Table legend:
 A = Kills in this place as a percentage of kills in entire the game.
 B = Kills by you in this place as a percentage of kills by you in the entire game.
 C = Kills by friends in this place as a percentage of kills by friends in the entire game.
 D = Other kills in this place as a percentage of other kills in the entire game.
 E = Experience gained in this place as a percentage of experience gained in the entire game.
 F = Experience gained in this place divided by the number of levels of this place that you have seen.
                   A       B       C       D       E      F
               +-------+-------+-------+-------+-------+----------------------
         Total | 100.0 | 100.0 |   N/A |   N/A | 100.0 | 287.0
       Dungeon | 100.0 | 100.0 |   N/A |   N/A | 100.0 | 287.0
               +-------+-------+-------+-------+-------+----------------------

Table legend: (Time is in decaauts)
 A = Elapsed time spent in this place.
 B = Non-inter-level travel time spent in this place.
 C = Inter-level travel time spent in this place.
 D = Time resting spent in this place.
 E = Time spent auto-exploring this place.
 F = Levels seen in this place.
 G = Mean time per level.
                   A        B        C        D        E       F      G
               +--------+--------+--------+--------+--------+-----+--------+
         Total |   4125 |   3906 |    219 |    316 |   2978 |   7 |  589.3 |
       Dungeon |   4125 |   3906 |    219 |    316 |   2978 |   7 |  589.3 |
               +--------+--------+--------+--------+--------+-----+--------+

Top non-repeatable levels by time:
     D:5: 881 daAuts
     D:2: 815 daAuts
     D:3: 809 daAuts
     D:4: 744 daAuts
     D:1: 730 daAuts
     D:6: 140 daAuts
     D:7: 4 daAuts
